 Seeded DCSS version 0.30-a0-359-gd0147acb1a (webtiles) character file.

Game seed: 11875864161840823782 (custom seed)

37 purpskrrrp the Sneak (level 3, -1/18 HPs)
             Began as a Vine Stalker Brigand on Nov 11, 2022.
             Slain by a gnoll
             ... wielding a +0 flail
              (8 damage)
             ... on level 1 of the Dungeon.
             The game lasted 00:03:32 (911 turns).

purpskrrrp the Sneak (Vine Stalker Brigand)          Turns: 911, Time: 00:03:33

Health: -1/18      AC:  5    Str: 19    XL:     3   Next: 39%
Magic:  0/4        EV: 11    Int: 11    God:
Gold:   71         SH:  0    Dex: 17    Spells: 2/2 levels left

rFire   + . .      SeeInvis .    i - +2 dagger (venom)
rCold   . . .      Faith    .    (no shield)
rNeg    . . .      Spirit   +    b - +0 robe
rPois   .          Reflect  .    f - +2 hat of the Present {rElec rF+ Str+6}
rElec   +          Harm     .    c - +0 cloak
rCorr   .          Rampage  .    (no gloves)
Will    .....                    (no boots)
Stlth   +++.......               (no amulet)
HPRegen 0.23/turn                (no ring)
MPRegen 0.09/turn                (no ring)

@: no status effects
A: fangs 2, magic shield, antimagic bite, no potion heal 2
a: no special abilities


You were on level 1 of the Dungeon.
You visited 1 branch of the dungeon, and saw 2 of its levels.

You collected 71 gold pieces.

Inventory:

Hand Weapons
 a - a +2 dagger
 i - a +2 dagger of venom (weapon)
Missiles
 d - 4 poisoned darts (quivered)
 e - 3 curare-tipped darts
Armour
 b - a +0 robe (worn)
 c - a +0 cloak (worn)
 f - the +2 hat of the Present (worn) {rElec rF+ Str+6}
   (You acquired it on level 1 of the Dungeon)

   Str:       It affects your strength (+6).
   rF:        It protects you from fire.
   rElec:     It insulates you from electricity.
Jewellery
 h - a ring of protection from fire
Scrolls
 j - a scroll of noise
 k - a scroll of magic mapping
 l - a scroll of fear {unknown}
 m - a scroll of enchant armour {unknown}
 p - a scroll of identify
Potions
 g - a potion of mutation {unknown}
 n - a potion of brilliance {unknown}
 o - a potion of heal wounds {unknown}


   Skills:
 - Level 1.7 Fighting
 - Level 1.7 Short Blades
 - Level 1.7 Throwing
 - Level 0.7 Dodging
 + Level 6.4 Stealth


You had 2 spell levels left.
You didn't know any spells.
Your spell library contained the following spells:

 Spells                   Type           Power      Damage    Failure   Level
 Beastly Appendage        Tmut           0%         N/A       34%         1
 Wereblood                Tmut           0%         N/A       47%         2
 Spider Form              Tmut/Pois      0%         N/A       71%         3


Dungeon Overview and Level Annotations

Branches:
Dungeon (2/15)

Altars:


Innate Abilities, Weirdness & Mutations

You have extremely sharp teeth.
When hurt, damage is shared between your health and your magic reserves.
Your bite disrupts and absorbs the magic of your enemies.
Potions cannot restore your health.


Message History

You barely miss the gnoll. You bite the gnoll, but do no damage.
The gnoll is almost dead.
The gnoll closely misses you.
You hit the gnoll.
You kill the gnoll!
You start resting.
Magic restored.
You start resting.
HP restored.
Things that are here:
a +0 whip; 9 stones; a gnoll corpse
There is a stone staircase leading down here.
There is a stone staircase leading down here.
You climb downwards.
There is a stone staircase leading up, spattered with blood here.
Throw: 7 darts (poison)
Press: ? - help, Q - select action, (/) - cycle Shift-Dir - straight line, f - gnoll
Aim: a gnoll, wielding a +0 spear (63% to hit)
You throw a poisoned dart. The poisoned dart hits the gnoll.
The gnoll is poisoned.
The gnoll closely misses you.
Throw: 6 darts (poison)
Press: ? - help, Q - select action, (/) - cycle Shift-Dir - straight line, f - gnoll, p - gnoll
Aim: a gnoll, wielding a +0 flail (wandering, hasn't noticed you, 63% to hit)
You throw a poisoned dart. The poisoned dart hits the gnoll.
The gnoll is poisoned.
The gnoll hits you from afar with a +0 spear.
Throw: 5 darts (poison)
Press: ? - help, Q - select action, (/) - cycle Shift-Dir - straight line, f/p - gnoll
Aim: a gnoll, wielding a +0 flail (poisoned, 63% to hit)
You throw a poisoned dart. The poisoned dart hits the gnoll.
The gnoll looks even sicker.
The gnoll hits you from afar with a +0 spear.
The gnoll hits you from afar with a +0 spear.
You climb upwards.
There is a stone staircase leading down here.
You hit the gnoll.
The gnoll looks as sick as possible!
The gnoll is moderately wounded.
The gnoll hits you with a +0 flail!
You die...

.#.#.#####........##.#
..(......+........'..#
.#.#.#####........####
...#.............##
'###############.#
.............# #.#
..############ #.#
.......####.####(#
.......##..P.##g@#
.#.#...#...#.###.#
.............###'####
+#.###..PP...##....†#
.......##...###.....#
.)########P####.....#
..'.....######......#
..#######...........#
#######..........####


You could see a gnoll (extremely poisoned).

Vanquished Creatures
  A gnoll (D:1)
  A dart slug (D:2)
  4 ball pythons
  A bat (D:1)
  An endoplasm (D:2)
  A giant cockroach (D:1)
  A hobgoblin (D:1)
  2 kobolds
  A quokka (D:1)
  3 frilled lizards (D:1)
  5 goblins (D:1)
  2 rats
23 creatures vanquished.

Notes
Turn   | Place    | Note
-------+----------+-------------------------------------------
     0 | D:1      | purpskrrrp the Vine Stalker Brigand began the quest for the
                  | Orb.
     0 | D:1      | Reached XP level 1. HP: 11/11 MP: 2/2
    79 | D:1      | Reached skill level 5 in Stealth
   151 | D:1      | Reached XP level 2. HP: 15/15 MP: 3/3
   492 | D:1      | Identified a scroll of acquirement
   497 | D:1      | Acquired the +2 hat of the Present {rElec rF+ Str+6}
   526 | D:2      | Reached skill level 6 in Stealth
   683 | D:2      | Reached XP level 3. HP: 18/18 MP: 4/4
   911 | D:1      | Slain by a gnoll

Illustrated notes

Levels and vault maps discovered:
D:1:      amcnicky_arrival_abandoned_market, layout_basic,
          minmay_shallow_snake_nest
D:2:      layout_rooms, uniq_terence

Skill      XL: |  1  2 |
---------------+-------+-----
Stealth        | 5 6 |  6.4
Fighting       | |  1.7
Short Blades   | |  1.7
Throwing       | |  1.7
Dodging        | |  0.7

Action                   || total
-------------------------++-------
Melee: Dagger            ||    42
       Bite              ||     6
Throw: Dart              ||     5
  Use: Scroll            ||     6
 Stab: Sleeping          ||    11
Armor: Robe              ||    11
Dodge: Dodged            ||    23

Table legend: (Time is in decaauts)
 A = Elapsed time spent in this place.
 B = Non-inter-level travel time spent in this place.
 C = Inter-level travel time spent in this place.
 D = Time resting spent in this place.
 E = Time spent auto-exploring this place.
 F = Levels seen in this place.
 G = Mean time per level.
                   A        B        C        D        E       F      G
               +--------+--------+--------+--------+--------+-----+--------+
         Total |    908 |    836 |     72 |     46 |    536 |   2 |  454.0 |
       Dungeon |    908 |    836 |     72 |     46 |    536 |   2 |  454.0 |
               +--------+--------+--------+--------+--------+-----+--------+

Top non-repeatable levels by time:
     D:1: 633 daAuts
     D:2: 275 daAuts
